Map: Acid Plant LE

Players

uncommon

  • Race: Zerg Zerg
  • Spawn Location: 5:00

foxer - Winner!

  • Race: Terran Terran
  • Spawn Location: 11:00

Event: WCS Austin 2018

VOD

Have the link to the VOD?

Description

Time

  • Played on: June 1, 2018, 1:55 p.m.
  • Length: 6:29

All games in this series

Show
View Real Time Build Order
Export as new Build Order

uncommon Zerg 

Build Orders: Hatch First, Zergling Baneling 

Get SALT Encoding   

  12  0:01  Drone  
  13  0:12  Overlord  
  13  0:17  Drone  
  14  0:30  Drone x2  
  14  0:35  Drone  
  17  0:52  Hatchery  
  17  0:55  Drone  
  17  0:58  Drone  
  17  1:01  Extractor  
  17  1:14  Spawning Pool  
  16  1:18  Drone  
  16  1:20  Drone  
  18  1:28  Drone  
  19  1:38  Drone  
  20  1:49  Overlord  
  20  2:01  Queen  
  20  2:03  Queen  
  20  2:04  Metabolic Boost  
  20  2:05  Zergling x2  
  25  2:08  Zergling x2  
  25  2:14  Drone  
  27  2:17  Drone  
  27  2:22  Drone  
  29  2:27  Baneling Nest, Drone  
  29  2:35  Drone  
  29  2:37  Drone  
  30  2:44  Drone  
  30  2:47  Drone  
  32  3:19  Overlord, Zergling x2  
  33  3:20  Zergling x8  
  36  3:34  Overlord  
  36  3:36  Hatchery  
  36  3:37  Zergling x6  
  36  3:38  Zergling x4  
  39  3:50  Zergling x4  
  39  3:52  Queen  
  39  3:55  Drone x3  
  46  4:03  Zergling x4  
  48  4:10  Zergling x4  
  48  4:15  Baneling x2  
  50  4:20  Baneling x7  
  50  4:24  Overlord x2  
  50  4:33  Overlord  
  45  4:48  Zergling x6  
  43  4:53  Zergling x2  
  43  4:54  Zergling x2  
  43  4:59  Queen  
  45  5:04  Overlord, Zergling x2  
  43  5:15  Zergling x4  
  44  5:26  Zergling x4  
  46  5:28  Baneling  
  46  5:29  Baneling x2  
  46  5:30  Baneling x2  
  46  5:31  Baneling x5  
  46  5:33  Zergling x2  
  46  5:34  Zergling x4  
  48  5:37  Zergling x2  
  48  5:38  Zergling x6  
  52  5:42  Zergling x2  
  52  5:53  Zergling x2  
  52  5:54  Zergling x2  
  53  6:04  Zergling x8  
  53  6:11  Zergling x8  
Show
View Real Time Build Order
Export as new Build Order

foxer Terran - Winner!

Build Orders: Gas First Reaper Expand, Reaper Expand, Hellion Banshee 

Get SALT Encoding   

  12  0:00  SCV  
  13  0:12  SCV  
  14  0:17  Supply Depot  
  14  0:25  SCV  
  15  0:30  Refinery  
  15  0:38  SCV  
  16  0:44  Barracks  
  16  0:50  SCV  
  17  1:02  SCV  
  18  1:15  SCV  
  19  1:31  Reaper  
  19  1:32  Orbital Command  
  20  1:43  Command Center  
  20  1:53  Factory  
  20  1:57  SCV  
  21  2:02  Refinery  
  21  2:06  Barracks Reactor  
  21  2:09  SCV  
  21  2:15  Supply Depot  
  22  2:21  SCV  
  23  2:36  SCV  
  24  2:40  Starport  
  24  2:48  SCV  
  24  2:50  Hellion, Barracks Tech Lab  
  27  2:52  Hellion  
  27  2:57  Orbital Command  
  30  3:05  SCV  
  30  3:15  Hellion x2  
  30  3:18  SCV  
  34  3:24  Cloaking Field  
  34  3:28  Viking  
  34  3:31  SCV  
  34  3:33  SCV  
  38  3:39  Hellion  
  42  3:41  Hellion  
  42  3:48  Supply Depot, SCV  
  43  3:49  SCV  
  44  4:04  SCV  
  44  4:05  SCV  
  44  4:09  Cyclone x2  
  52  4:13  Supply Depot  
  52  4:20  SCV x2  
  54  4:25  Armory, Supply Depot  
  54  4:35  Banshee, SCV  
  54  4:38  SCV  
  58  4:47  SCV  
  58  4:51  SCV  
  48  4:56  Hellion x2  
  52  5:02  Command Center  
  52  5:10  SCV  
  52  5:13  SCV  
  54  5:17  Banshee  
  56  5:22  SCV  
  56  5:25  SCV  
  58  5:34  SCV  
  59  5:37  SCV  
  59  5:38  Hellion x2  
  59  5:39  Barracks Tech Lab  
  64  5:46  SCV  
  64  5:49  SCV  
  66  5:52  Supply Depot  
  66  5:58  SCV  
  66  6:08  Supply Depot  
  66  6:10  Supply Depot x2  
  66  6:11  Supply Depot  
  64  6:17  SCV  
Tags
 
Add a new tag
Caveats
  • Supply blocks, unpowered buildings, or Contaminate may cause inaccurate times.
  • Supply counts are checked every 10 seconds.